 Dungeon Crawl Stone Soup version 0.31-a0-691-g409c26a (webtiles) character file.

Game seed: 2027756651492004046

49 BarneyGumball the Stinger (level 3, 0/28 HPs)
             Began as a Naga Venom Mage on Sept 6, 2023.
             Was a Follower of Cheibriados.
             Slain by a goblin
             ... wielding a +0 dagger
             ... led by Robin
              (2 damage)
             ... on level 2 of the Dungeon.
             The game lasted 00:10:34 (1276 turns).

BarneyGumball the Stinger (Naga Venom Mage)         Turns: 1276, Time: 00:10:34

Health: 0/28       AC:  2    Str: 12    XL:     3   Next: 75%
Magic:  3/6        EV: 10    Int: 19    God:    Cheibriados [*.....]
Gold:   71         SH:  0    Dex: 13    Spells: 4/7 levels left

rFire   . . .        e - +0 dagger
rCold   . . .        (no shield)
rNeg    . . .        a - +0 robe
rPois   +            (no helmet)
rElec   .            (no cloak)
rCorr   .            (no gloves)
SInv    +            (no barding)
Will    .....        (no amulet)
Stlth   ++           h - ring of wizardry
HPRegen 0.24/turn    (no ring)
MPRegen 0.10/turn

%: wizardry (x1)
@: short of breath, very slow
A: AC +1, large, see invisible, deformed body, poison resistance, slowness 2,
spit poison 1, naga tail 1
a: Spit Poison, Renounce Religion, Bend Time


You were on level 2 of the Dungeon.
You worshipped Cheibriados.
Cheibriados was aware of your devotion.
You visited 1 branch of the dungeon, and saw 2 of its levels.

You collected 71 gold pieces.

Inventory:

Hand Weapons
 e - a +0 dagger (weapon)
Armour
 a - a +0 robe (worn)
Jewellery
 h - a ring of wizardry (left hand)
Scrolls
 c - 2 scrolls of noise
Potions
 b - a potion of magic
 g - a potion of degeneration


   Skills:
 - Level 1.5 Dodging
 - Level 3.0 Stealth
 + Level 2.6 Spellcasting
 + Level 0.1 Conjurations
 - Level 1.0 Transmutations
 + Level 1.6 Air Magic
 + Level 4.8 Poison Magic
 + Level 0.1 Invocations


You had 4 spell levels left.
You knew the following spells:

 Your Spells              Type           Power      Damage    Failure   Level
a - Sting                 Tmut/Pois      52%        1d5       1%          1
b - Poisonous Vapours     Pois/Air       28%        N/A       2%          2

Your spell library contained the following spells:

 Spells                   Type           Power      Damage    Failure   Level
 Mephitic Cloud           Conj/Pois/Air  10%        N/A       8%          3
 Olgreb's Toxic Radiance  Pois           20%        N/A       9%          4


Dungeon Overview and Level Annotations

Branches:
Dungeon (2/15)

Altars:
Cheibriados

Annotations:
D:2 Robin


Innate Abilities, Weirdness & Mutations

Your serpentine skin is tough. (AC +1)
You have supernaturally acute eyesight. (SInv)
Armour fits poorly on your strangely shaped body.
Your system is resistant to poisons. (rPois)
You cover ground very slowly.
You can spit poison.
You have a snake-like lower body.


Message History

You hit the hobgoblin but do no damage.
The hobgoblin is moderately wounded.
The hobgoblin closely misses you.
You hit the hobgoblin.
The hobgoblin is almost dead.
Robin says, "Kneel, worm!"
Robin throws the goblin at you! The hobgoblin barely misses you.
The goblin hits you but does no damage.
You completely miss the goblin. The hobgoblin hits you.
The goblin hits you with a +0 club.
* * * LOW HITPOINT WARNING * * *
Aiming: Spit Poison (2% risk of failure)
Press: ? - help, Shift-Dir - straight line, f - goblin, p - Robin
Aim: a goblin, wielding a +0 club (grey smoke, strong, 50% to hit)
The splash of poison hits the goblin!
The goblin is poisoned.
You kill the goblin!
Cheibriados appreciates the change of pace.
Robin throws the goblin at you! The hobgoblin closely misses you.
The goblin barely misses you.
Casting: Sting (safe; 1% risk of failure)
Confirm with . or Enter, or press ? or * to list all spells.
Aiming: Sting (safe; 1% risk of failure)
Press: ? - help, Shift-Dir - straight line, f - goblin
Aim: a goblin, wielding a +0 dagger (grey smoke, strong, 64% to hit)
The sting misses the goblin.
Robin roars a battlecry!
The goblin goes into a battle-frenzy!
The hobgoblin closely misses you. The goblin hits you with a +0 dagger.
* * * LOW HITPOINT WARNING * * *
Casting: Sting (safe; 1% risk of failure)
Confirm with . or Enter, or press ? or * to list all spells.
Aiming: Sting (safe; 1% risk of failure)
Press: ? - help, Shift-Dir - straight line, f/p - goblin
Aim: a goblin, wielding a +0 dagger (grey smoke, strong, 64% to hit)
The sting hits the goblin.
The goblin is poisoned.
The goblin is moderately wounded.
The hobgoblin hits you.
* * * LOW HITPOINT WARNING * * *
The goblin hits you with a +0 dagger.
You die...

......#.##...#####...####.####.#.
#..........................#...#.
#..........................#.####
#...................g......#...#.
......#......#####g..########..#.
........###..# #...# #....
#######.####.# #.g.# #.##.
#...##.#####gg(# #....
#.#.#....g@ggg## ####. #####
#.#.#.)######## #. ....###......#
#. .).......#..#### ##
.##.###.###....# # .##.#
##.#..##.# # ###†# #.......## #
###.# #..#.#...# # ....#
#......#.... #


You could see Robin, 2 hobgoblins and 4 goblins.

Vanquished Creatures
  An adder (D:2)
  A worm (D:2)
  A dart slug (D:2)
  3 bats (D:1)
  4 endoplasms
  6 goblins
  2 kobolds
  2 quokkas (D:1)
  5 ball pythons
  2 frilled lizards
  5 rats
32 creatures vanquished.

Notes
Turn   | Place    | Note
-------+----------+-------------------------------------------
     0 | D:1      | BarneyGumball the Naga Venom Mage began the quest for the
                  | Orb.
     0 | D:1      | Reached XP level 1. HP: 15/15 MP: 3/3
   154 | D:1      | Reached XP level 2. HP: 22/22 MP: 5/5
   394 | D:1      | Reached skill level 1 in Air Magic
   435 | D:1      | Learned a level 2 spell: Poisonous Vapours
   795 | D:2      | Noticed Robin
   864 | D:2      | Reached XP level 3. HP: 23/28 MP: 6/6
  1224 | D:2      | Found a faded altar of an unknown god.
  1231 | D:2      | Prayed at the altar of an unknown god.
  1231 | D:2      | Became a worshipper of Cheibriados the Contemplative
  1231 | D:2      | Reached * piety under Cheibriados
  1276 | D:2      | Slain by a goblin

Illustrated notes

Levels and vault maps discovered:
D:1:      dpeg_arrival_rooms_a, layout_basic
D:2:      layout_loops_cross, hellmonk_ecumenical_altar_heavens_door,
          uniq_sigmund, uniq_robin

Skill      XL: |  1  2 |
---------------+-------+-----
Air Magic      | 1 |  1.6
Dodging        | |  1.5
Stealth        | |  3.0
Spellcasting   | |  2.6
Conjurations   | |  0.1
Transmutations | |  1.0
Poison Magic   | |  4.8
Invocations    | |  0.1

Action                     || total
---------------------------++-------
  Melee: Unarmed           ||     4
         Dagger            ||    30
         Punch             ||     1
   Cast: Sting             ||    20
 Invoke: Bend Time         ||     1
Ability: Spit Poison       ||    24
    Use: Scroll            ||     4
         Potion            ||     1
   Stab: Sleeping          ||     2
 Armour: Robe              ||    30
  Dodge: Dodged            ||    24

Table legend: (Time is in decaauts)
 A = Elapsed time spent in this place.
 B = Non-inter-level travel time spent in this place.
 C = Inter-level travel time spent in this place.
 D = Time resting spent in this place.
 E = Time spent auto-exploring this place.
 F = Levels seen in this place.
 G = Mean time per level.
                   A        B        C        D        E       F      G
               +--------+--------+--------+--------+--------+-----+--------+
         Total |   1655 |   1578 |     77 |     21 |   1261 |   2 |  827.5 |
       Dungeon |   1655 |   1578 |     77 |     21 |   1261 |   2 |  827.5 |
               +--------+--------+--------+--------+--------+-----+--------+

Top non-repeatable levels by time:
     D:1: 1106 daAuts
     D:2: 548 daAuts
